 Dungeon Crawl Stone Soup version 0.21-a0-509-gecc5317 (webtiles) character file.

691 BingusPrime the Insei (level 7, -2/43 HPs)
             Began as an Octopode Transmuter on Nov 29, 2017.
             Was an Initiate of Fedhas.
             Slain by a water moccasin (3 damage)
             ... on level 5 of the Dungeon.
             The game lasted 00:18:13 (4580 turns).

BingusPrime the Insei (Octopode Transmuter)         Turns: 4580, Time: 00:18:15

Health: -2/43      AC:  1    Str:  9    XL:     7   Next: 63%
Magic:  12/13      EV: 13    Int: 15    God:    Fedhas [......]
Gold:   236        SH:  0    Dex: 15    Spells: 8/14 levels left

rFire    . . .     SeeInvis .     - Unarmed
rCold    . . .     Gourm    .   (no shield)
rNeg     . . .     Faith    .   (helmet restricted)
rPois    .         Spirit   .   (no amulet)
rElec    .         Reflect  .   q - ring of protection from magic
rCorr    .         Harm     .   (no ring)
MR       +....                  (no ring)
Stlth    +++.......             (no ring)
HPRegen  0.14/turn              (no ring)
MPRegen  0.13/turn              (no ring)
                                (no ring)
                                (no ring)

@: lethally poisoned (-2 -> -29), flying
A: almost no armour, stealthy swim, amphibious, 8 rings, constrict 8, camouflage
1, gelatinous body 1
a: Fungal Bloom, Renounce Religion


You were on level 5 of the Dungeon.
You worshipped Fedhas.
Fedhas was noncommittal.
You were not hungry.

You visited 1 branch of the dungeon, and saw 5 of its levels.

You collected 236 gold pieces.

Inventory:

Hand Weapons
 d - a +0 dagger of speed
 v - a +2 flail of venom
 w - a +0 hand axe of electrocution
Missiles
 a - 54 arrows
 h - 4 tomahawks (quivered)
 t - 3 poisoned tomahawks
 u - 7 silver javelins
Jewellery
 q - a ring of protection from magic (left tentacle)
Scrolls
 i - 5 scrolls of identify
 j - 2 scrolls of noise {unknown}
 l - a scroll of amnesia {unknown}
 p - a scroll of teleportation {unknown}
 r - a scroll of remove curse {unknown}
 s - 2 scrolls of magic mapping {unknown}
Potions
 e - 2 potions of curing {unknown}
 m - a potion of lignification {unknown}
 n - 2 potions of might
 o - a potion of haste {unknown}
Books
 b - a book of Changes

   Spells                             Type                      Level
   a - Beastly Appendage              Transmutation                1
   b - Sticks to Snakes               Transmutation                2
   c - Spider Form                    Transmutation/Poison         3
   d - Ice Form                       Ice/Transmutation            4
   e - Blade Hands                    Transmutation                5
Comestibles
 c - 2 bread rations
 f - a royal jelly
 g - 4 meat rations


   Skills:
 - Level 1.0 Fighting
 + Level 2.0 Dodging
 + Level 2.0 Stealth
 * Level 6.2 Unarmed Combat
 * Level 4.2 Spellcasting
 * Level 4.3 Transmutations


You had 8 spell levels left.
You knew the following spells:

 Your Spells              Type           Power        Failure   Level  Hunger
a - Beastly Appendage     Tmut           ###...       3%          1    None
b - Spider Form           Tmut/Pois      #.........   22%         3    ###....
c - Sticks to Snakes      Tmut           ###.....     4%          2    ##.....


Dungeon Overview and Level Annotations

Branches:
Dungeon (5/15)
 Temple: D:4-7

Altars:
Ashenzari
Dithmenos
Fedhas
Hepliaklqana


Innate Abilities, Weirdness & Mutations

You cannot wear most types of armour.
You are very stealthy in the water. (Stealth+)
You are amphibious.
You can wear up to eight rings at the same time.
You can use your tentacles to constrict eight enemies at once.
Your skin changes colour to match your surroundings (Stealth+).
Your rubbery body absorbs attacks. (AC +1, EV +1)


Message History

You feel sick. The water moccasin bites you.
You are lethally poisoned!
The water moccasin poisons you! The water moccasin bites you!
* * * LOW HITPOINT WARNING * * *
* * * LOW HITPOINT WARNING * * *
You feel very sick.
You closely miss the water moccasin. You grab the water moccasin.
You tentacle-slap the water moccasin.
The water moccasin is severely wounded.
You constrict the water moccasin.
* * * LOW HITPOINT WARNING * * *
You feel sick. The water moccasin barely misses you.
It was a potion of flight.
You feel very buoyant.
You fly up into the air.
You constrict the water moccasin.
* * * LOW HITPOINT WARNING * * *
You feel very sick. The water moccasin barely misses you.
The water moccasin bites you.
You die...
Fedhas appreciates your contribution to the ecosystem.

### ..# #.# # #.#
###.
.###.##.####.....
.............#
######.#S####
########.#@#####
.......[.......>#
####....#.####.#
#..###... #.<#
#.#.# #..# #.#...
..... ..# #.#
........... .#
#..##.####


You could see a water moccasin.

Vanquished Creatures
  2 howler monkeys (D:4)
  2 hounds (D:4)
  A centaur skeleton (D:4)
  An iguana (D:4)
  5 orc wizards
  3 orc priests
  A bullfrog skeleton (D:3)
  2 worker ants (D:4)
  A hound skeleton (D:4)
  3 gnolls (D:4)
  4 adders
  2 oozes
  3 worms
  2 dart slugs (D:1)
  6 leopard geckos
  7 orcs
  3 giant cockroaches
  6 goblins
  8 hobgoblins
  7 jackals (D:1)
  9 kobolds
  A ball python skeleton (D:4)
  10 bats
  7 frilled lizards
  2 rats
98 creatures vanquished.

Vanquished Creatures (others)
  3 toadstools
3 creatures vanquished.

Grand Total: 101 creatures vanquished

Notes
Turn   | Place    | Note
-------+----------+-------------------------------------------
     0 | D:1      | BingusPrime the Octopode Transmuter began the quest for the Orb.
     0 | D:1      | Reached XP level 1. HP: 13/13 MP: 3/3
    95 | D:1      | Reached XP level 2. HP: 13/18 MP: 3/5
   440 | D:1      | Reached XP level 3. HP: 21/23 MP: 6/6
   732 | D:1      | Learned a level 3 spell: Spider Form
   798 | D:1      | Reached skill level 4 in Unarmed Combat
  1358 | D:2      | Reached XP level 4. HP: 28/28 MP: 3/7
  1604 | D:2      | Found a blossoming altar of Fedhas.
  1752 | D:2      | Became a worshipper of Fedhas Madash
  1834 | D:2      | Found a shadowy altar of Dithmenos.
  1997 | D:3      | Reached skill level 1 in Stealth
  1997 | D:3      | Reached XP level 5. HP: 14/33 MP: 5/9
  2011 | D:4      | HP: 1/33 [orc wizard/magic dart (8)]
  2338 | D:4      | Reached skill level 5 in Unarmed Combat
  2338 | D:4      | Reached XP level 6. HP: 26/38 MP: 7/11
  2355 | D:3      | Found a hazy altar of Hepliaklqana.
  2480 | D:3      | Found a shattered altar of Ashenzari.
  3545 | D:4      | Reached XP level 7. HP: 38/43 MP: 6/12
  3824 | D:4      | Learned a level 2 spell: Sticks to Snakes
  3926 | D:4      | Reached skill level 6 in Unarmed Combat
  4558 | D:5      | Entered Level 5 of the Dungeon
  4580 | D:5      | HP: 1/43 [poisoned by a water moccasin]
  4580 | D:5      | Slain by a water moccasin

Vault maps used:
D:1:      sevenhm_arrival_forest_fort_large_2, minmay_misc_feat_tiny
D:2:      lemuel_coloured_pillars_altar, fedhas_altar_3
D:3:      overflow_temple_1_default, nicolae_ashenzari_panopticon,
          serial_bayou_crossing
D:4:      minmay_distorted
D:5:      led_sif_book, first_bread, uniq_grinder

Skill      XL: |  1  2  3  4  5  6  7 |
---------------+----------------------+-----
Unarmed Combat | 4 5 6 |  6.2
Stealth        | 1 2 |  2.0
Spellcasting   | 3 4 |  4.2
Transmutations | 3 4 |  4.3
Fighting       | |  1.0
Dodging        | |  2.0

Action                   |  1- 3 |  4- 6 |  7- 9 || total
-------------------------+-------+-------+-------++-------
Melee: Unarmed           |    65 |   127 |    56 ||   248
       Constrict         |    21 |     6 |     3 ||    30
       Kick              |    12 |     6 |     6 ||    24
       Tentacles         |    12 |     3 |     2 ||    17
       Punch             |       |     2 |     2 ||     4
Throw: Tomahawk          |       |     1 |       ||     1
 Cast: Beastly Appendage |    13 |     8 |     5 ||    26
       Spider Form       |     3 |    20 |     7 ||    30
       Sticks to Snakes  |       |       |     3 ||     3
Invok: Fungal Bloom      |       |     3 |     1 ||     4
  Use: Scroll            |       |     1 |       ||     1
       Potion            |       |       |     1 ||     1
 Stab: Sleeping          |     1 |     2 |     1 ||     4
  Eat: Chunk             |     1 |     6 |     1 ||     8
       Bread ration      |       |     1 |     1 ||     2
Armor: Skin              |     8 |     5 |     3 ||    16
Dodge: Dodged            |    48 |   105 |    40 ||   193

Table legend:
 A = Spawn XP
 B = Non-spawn XP
 C = Spawn XP percentage of total XP
 D = Spawn monster count
 E = Non-spawn monster count
 F = Spawn count percentage of total count
 G = Total turns spent on level
                    A         B        C        D         E        F      G
               +---------+---------+-------+---------+---------+-------+---------
         Total |       0 |     988 |   0.0 |       0 |      98 |   0.0 |  4580
               +---------+---------+-------+---------+---------+-------+---------
           D:1 |       0 |      69 |   0.0 |       0 |      34 |   0.0 |  1222
           D:2 |       0 |      32 |   0.0 |       0 |      10 |   0.0 |   758
           D:3 |       0 |     308 |   0.0 |       0 |      26 |   0.0 |   908
           D:4 |       0 |     576 |   0.0 |       0 |      27 |   0.0 |  1670
           D:5 |       0 |       3 |   0.0 |       0 |       1 |   0.0 |    22
               +---------+---------+-------+---------+---------+-------+---------
